 Seeded DCSS version 0.29.1-15-g9cfb28693d (webtiles) character file.

Game seed: 1 (custom seed)

136 Kazon the Shooter (level 4, -2/26 HPs)
             Began as a Deep Elf Hunter on Feb 28, 2023.
             Killed by divine providence
             ... invoked by an orc priest
              (14 damage)
             ... on level 3 of the Dungeon.
             The game lasted 00:09:16 (1684 turns).

Kazon the Shooter (Deep Elf Hunter)                 Turns: 1684, Time: 00:09:19

Health: -2/26      AC:  7    Str: 10    XL:     4   Next: 98%
Magic:  6/6        EV: 12    Int: 14    God:
Gold:   43         SH:  0    Dex: 18    Spells: 3/3 levels left

rFire   . . .      SeeInvis .   e - +2 dagger (venom)
rCold   . . .      Faith    .   (no shield)
rNeg    . . .      Spirit   .   c - +0 leather armour
rPois   .          Reflect  .   j - +0 helmet
rElec   .          Harm     .   (no cloak)
rCorr   .          Rampage  .   (no gloves)
Will    .....                   l - +2 pair of boots
Stlth   ++........              (no amulet)
HPRegen 0.08/turn               (no ring)
MPRegen 0.10/turn               (no ring)

@: no status effects
A: no striking features
a: no special abilities


You were on level 3 of the Dungeon.
You visited 1 branch of the dungeon, and saw 3 of its levels.

You collected 227 gold pieces.
You spent 184 gold pieces at shops.

Inventory:

Hand Weapons
 d - the +7 lajatang "Reif Ozuobo" {freeze, Dex+2}
   (You acquired it on level 1 of the Dungeon)

   It freezes those it strikes, dealing additional cold damage.
   It can also slow down cold-blooded creatures.
   Dex:       It affects your dexterity (+2).
 e - a +2 dagger of venom (weapon)
 s - the +3 falchion of Winter {venom, rCorr}
   (You bought it in a shop on level 3 of the Dungeon)

   It poisons the flesh of those it strikes.
   rCorr:     It protects you from acid and corrosion.
 w - a +1 sling of flaming
Missiles
 h - 14 stones (quivered)
 o - 3 boomerangs
Armour
 c - a +0 leather armour (worn)
 j - a +0 helmet (worn)
 l - a +2 pair of boots (worn)
Jewellery
 m - an amulet of the acrobat
Scrolls
 b - 2 scrolls of immolation
 i - 3 scrolls of identify {unknown}
 n - a scroll of fog {unknown}
Potions
 a - a potion of attraction {unknown}
 f - a potion of haste {unknown}
 g - a potion of flight {unknown}
 k - a potion of berserk rage


   Skills:
 + Level 1.9 Fighting
 + Level 2.2 Staves
 + Level 6.8 Ranged Weapons
 + Level 0.1 Throwing
 + Level 0.6 Armour
 + Level 2.7 Dodging
 + Level 2.0 Stealth


You had 3 spell levels left.
You didn't know any spells.
Your spell library contained the following spells:

 Spells                   Type           Power      Damage    Failure   Level
 Apportation              Tloc           0%         N/A       36%         1
 Necrotise                Necr           0%         1d4       36%         1
 Sting                    Tmut/Pois      0%         1d3       36%         1
 Summon Small Mammal      Summ           0%         N/A       36%         1
 Poisonous Vapours        Pois/Air       0%         N/A       52%         2
 Olgreb's Toxic Radiance  Pois           0%         N/A       98%         4


Dungeon Overview and Level Annotations

Branches:
Dungeon (3/15)

Altars:

Shops:
D:3 (


Message History

An orc priest and an orc come into view.
The orc shouts!
An orc comes into view. It is wielding a +0 mace.
An orc comes into view. It is wielding a +0 club.
The orc shouts! x2
Throw: 15 stones
Press: ? - help, Q - select action, (/) - cycle Shift-Dir - straight line, f - orc priest
Aim: an orc priest, wielding a +0 flail (60% to hit)
You throw a stone. The stone barely misses the orc priest.
The stone completely misses the orc.
The orc throws a boomerang.
The boomerang barely misses you.
You closely miss the orc priest. The orc priest barely misses you.
You closely miss the orc priest. The orc priest misses you.
You hit the orc priest.
The orc priest is poisoned.
The orc priest is lightly wounded.
The orc priest calls down the wrath of Beogh upon you.
Pain shoots through your body!
You barely miss the orc priest.
The orc priest is lightly wounded.
The orc priest barely misses you.
You barely miss the orc priest.
The orc priest is lightly wounded.
You hit the orc.
The orc is poisoned.
The orc is severely wounded.
You barely miss the orc.
The orc is severely wounded.
The orc hits you with a +1 dagger of holy wrath.
You barely miss the orc.
The orc is severely wounded.
You kill the orc!
You hit the orc.
The orc is poisoned.
The orc is moderately wounded.
The orc closely misses you.
You closely miss the orc.
The orc is moderately wounded.
The orc closely misses you.
The orc priest invokes the aid of Beogh against you.
Beogh smites you!
Ouch! That really hurt!
You die...

+...###.##.#
.......##.......#.#
....... #...###....
.#.....
##.>###.####.#
....... ##..........#
.#..... #####.######
.....oo #.######
#...oo########......#
#@......####.#.#
#.......# #.#.###
#.......# ###....
#.......# ####.
#.......# ##.
#.......########..
#.................
#.......<....##...
#.......#.........


You could see an orc priest (poisoned) and 3 orcs.

Vanquished Creatures
  Robin (D:3)
  3 gnolls (D:2)
  4 adders
  A worm (D:2)
  An orc (D:3)
  8 endoplasms
  A giant cockroach (D:1)
  12 goblins
  7 hobgoblins
  3 kobolds
  A quokka (D:1)
  2 ball pythons (D:2)
  4 bats
  3 frilled lizards
  4 rats
55 creatures vanquished.

Vanquished Creatures (others)
  A goblin (D:3)
1 creature vanquished.

Grand Total: 56 creatures vanquished

Notes
Turn   | Place    | Note
-------+----------+-------------------------------------------
     0 | D:1      | Kazon the Deep Elf Hunter began the quest for the Orb.
     0 | D:1      | Reached XP level 1. HP: 12/12 MP: 3/3
    33 | D:1      | Identified a scroll of acquirement
    33 | D:1      | Acquired the +7 lajatang "Reif Ozuobo" {freeze, Dex+2}
   155 | D:1      | Reached XP level 2. HP: 9/17 MP: 4/4
   669 | D:1      | Reached skill level 6 in Ranged Weapons
   825 | D:2      | Reached XP level 3. HP: 21/21 MP: 5/5
  1129 | D:2      | Reached skill level 1 in Staves
  1226 | D:2      | Reached XP level 4. HP: 26/26 MP: 6/6
  1434 | D:3      | Found Umat's Antique Weapon Boutique.
  1461 | D:3      | Bought a crude falchion for 184 gold pieces
  1461 | D:3      | Identified the +3 falchion of Winter {venom, rCorr} (You
                  | bought it in a shop on level 3 of the Dungeon)
  1577 | D:3      | Noticed Robin
  1590 | D:3      | Killed Robin
  1684 | D:3      | Killed from afar by an orc priest

Illustrated notes

Levels and vault maps discovered:
D:1:      dpeg_arrival_three_smaller_balls, layout_basic
D:2:      layout_loops_ring
D:3:      layout_basic, serial_shops, nicolae_shop_stone, st_stairs_9,
          minmay_misc_feat_doors, eino_curves_03, uniq_robin

Skill      XL: |  1  2  3  4 |
---------------+-------------+-----
Ranged Weapons | 6 |  6.8
Staves         | 1 2 |  2.2
Stealth        | 2 |  2.0
Fighting       | |  1.9
Throwing       | |  0.1
Armour         | |  0.6
Dodging        | |  2.7

Action                   |  1- 3 |  4- 6 || total
-------------------------+-------+-------++-------
Melee: Lajatang          |    35 |    11 ||    46
       Dagger            |       |    14 ||    14
       Falchion          |       |    12 ||    12
 Fire: Shortbow          |    39 |     8 ||    47
       Sling             |       |     3 ||     3
Throw: Stone             |     4 |     8 ||    12
  Use: Scroll            |     1 |       ||     1
 Stab: Sleeping          |     1 |     1 ||     2
Armor: Leather armour    |     9 |    16 ||    25
Dodge: Dodged            |    42 |    26 ||    68
